Map: Abyssal Reef LE

Players

Winthrowe - Winner!

  • Race: Terran Terran
  • League: Silver
  • Spawn Location: 5:00

A.I. 1 (Hard)

  • Race: Protoss Protoss
  • Spawn Location: 11:00

VOD

Have the link to the VOD?

Description

Time

  • Played on: Aug. 19, 2017, 1:47 p.m.
  • Length: 11:36
Show
View Real Time Build Order
Export as new Build Order

Winthrowe Terran - Winner!

Build Orders: MMM Bio 

Get SALT Encoding   

  12  0:02  SCV  
  13  0:15  Supply Depot  
  13  0:18  SCV  
  14  0:30  SCV  
  15  0:42  SCV, Barracks  
  16  0:54  SCV  
  17  1:07  SCV  
  17  1:09  Refinery  
  18  1:19  SCV  
  19  1:31  SCV  
  20  1:43  SCV  
  20  1:46  Supply Depot  
  21  1:53  Command Center  
  21  1:55  SCV  
  21  1:59  Refinery  
  22  2:07  SCV  
  23  2:19  SCV, Factory  
  23  2:21  Marine  
  25  2:32  Orbital Command  
  25  2:38  Marine  
  26  2:56  Marine  
  27  3:07  Cyclone  
  30  3:14  Marine  
  31  3:24  Starport  
  31  3:32  Marine  
  32  3:39  Cyclone  
  35  3:51  Barracks Tech Lab  
  35  3:59  SCV  
  35  4:00  Engineering Bay  
  36  4:11  SCV  
  36  4:13  SCV  
  38  4:20  Stimpack  
  38  4:23  SCV  
  39  4:25  SCV  
  39  4:30  Medivac  
  42  4:35  SCV  
  42  4:37  SCV  
  42  4:38  Hellion  
  46  4:49  Armory  
  46  4:55  Supply Depot  
  46  5:17  SCV x2, Hellion, Marauder  
  46  5:18  Supply Depot  
  46  5:21  Starport Reactor  
  52  5:29  SCV x2  
  54  5:40  Marauder  
  54  5:41  SCV x2  
  58  5:53  SCV  
  58  5:56  Factory Reactor  
  59  6:01  Marine  
  60  6:04  Engineering Bay  
  60  6:19  Marine  
  60  6:21  Combat Shields  
  60  6:22  Command Center  
  61  6:36  Marine  
  62  6:44  Barracks  
  61  6:54  Marine  
  61  6:56  Viking  
  61  6:57  Viking  
  56  7:12  Marine, Hellbat x2  
  61  7:26  Supply Depot  
  61  7:27  Supply Depot  
  61  7:29  Viking x2, Supply Depot  
  65  7:30  Supply Depot  
  65  7:31  Marauder  
  65  7:33  Hellbat  
  65  7:34  Hellbat  
  71  7:40  Concussive Shells  
  71  7:52  Marauder  
  71  7:54  Hellbat  
  71  7:55  Hellbat  
  77  7:59  Medivac x2  
  81  8:13  Marine  
  81  8:16  Hellbat x2  
  80  8:29  Viking x2  
  80  8:31  Marine  
  75  8:37  Hellion  
  75  8:38  Hellion  
  66  8:48  Marine  
  67  8:59  Viking, Medivac, Hellion x2  
  75  9:06  Marine  
  74  9:20  Hellion  
  74  9:21  Hellbat  
  78  9:24  Marine  
  78  9:29  Terran Infantry Weapons Level 1  
  79  9:31  Terran Infantry Armor Level 1  
  79  9:34  Terran Vehicle Weapons Level 1  
  79  9:41  Hellbat  
  79  9:42  Marine, Hellbat  
  84  9:53  Liberator x2  
  84  10:00  Marine  
  84  10:03  Hellbat x2  
  95  10:17  Marine  
  96  10:24  Hellbat  
  96  10:25  Hellbat  
  100  10:36  Marauder  
  102  10:46  Hellbat x2  
  106  10:53  Viking  
  104  10:57  Marauder  
  102  11:07  Hellbat x2  
Show
View Real Time Build Order
Export as new Build Order

A.I. 1 (Hard) Protoss 

Build Orders:  

Get SALT Encoding   

  12  0:01  Probe (Chrono Boost)  
  13  0:11  Probe (Chrono Boost)  
  14  0:19  Pylon  
  14  0:22  Probe (Chrono Boost)  
  15  0:37  Probe (Chrono Boost)  
  15  0:39  Gateway  
  16  0:47  Assimilator  
  16  0:48  Probe (Chrono Boost)  
  17  0:58  Probe (Chrono Boost)  
  17  1:01  Pylon  
  18  1:09  Probe (Chrono Boost)  
  19  1:22  Probe (Chrono Boost)  
  20  1:25  Zealot  
  20  1:29  Cybernetics Core  
  22  1:43  Gateway  
  22  1:47  Assimilator  
  22  1:50  Zealot  
  24  2:01  Pylon  
  24  2:12  Warp Gate  
  24  2:16  Zealot  
  26  2:28  Zealot  
  28  2:42  Zealot  
  28  2:43  Pylon  
  30  2:54  Zealot  
  32  3:08  Zealot  
  34  3:20  Stalker  
  34  3:23  Pylon  
  37  3:34  Adept, Probe (Chrono Boost)  
  39  3:47  Probe (Chrono Boost)  
  39  3:48  Adept  
  40  3:54  Forge  
  42  3:59  Probe (Chrono Boost)  
  42  4:00  Stalker  
  46  4:10  Probe (Chrono Boost)  
  46  4:14  Pylon  
  46  4:21  Probe (Chrono Boost)  
  47  4:25  Stalker  
  49  4:32  Probe (Chrono Boost)  
  50  6:07  Protoss Ground Weapons Level 1  
  50  6:12  Adept  
  50  6:15  Gateway  
  52  6:18  Photon Cannon  
  52  6:21  Photon Cannon  
  52  6:23  Sentry  
  52  6:24  Robotics Facility, Nexus  
  54  6:27  Pylon  
  54  6:31  Stargate  
  54  6:33  Adept  
  54  6:34  Twilight Council  
  56  6:45  Adept  
  58  6:51  Pylon  
  50  6:55  Stalker  
  44  7:05  Stalker  
  38  7:13  Observer  
  38  7:15  Adept  
  41  7:25  Stalker  
  43  7:34  Observer  
  43  7:35  Zealot  
  46  7:40  Probe (Chrono Boost)  
  46  7:41  Probe (Chrono Boost)  
  48  7:45  Zealot  
  51  7:52  Probe (Chrono Boost)  
  51  7:54  Probe (Chrono Boost)  
  51  7:55  Adept, Protoss Ground Armor Level 1  
  54  8:03  Probe (Chrono Boost)  
  54  8:05  Stalker, Probe (Chrono Boost)  
  58  8:15  Adept, Probe (Chrono Boost)  
  58  8:17  Probe (Chrono Boost)  
  61  8:25  Sentry  
  61  8:27  Probe (Chrono Boost)  
  62  8:28  Probe (Chrono Boost)  
  55  8:35  Adept  
  55  8:38  Probe (Chrono Boost)  
  55  8:39  Probe (Chrono Boost)  
  53  8:45  Zealot  
  53  8:50  Probe x2 (Chrono Boost)  
  55  8:56  Adept  
  55  9:01  Probe (Chrono Boost)  
  58  9:06  Zealot  
  52  9:15  Assimilator  
  52  9:16  Adept  
  48  9:17  Assimilator  
  46  9:26  Sentry  
  46  9:30  Zealot  
  46  9:32  Void Ray  
  47  9:44  Zealot  
  38  9:52  Probe (Chrono Boost)  
  28  9:54  Adept  
  28  9:56  Probe (Chrono Boost)  
  26  10:04  Adept  
  26  10:08  Probe (Chrono Boost)  
  26  10:14  Void Ray  
  24  10:20  Stalker, Probe (Chrono Boost)  
  25  10:30  Sentry  
  25  10:37  Probe (Chrono Boost)  
  25  10:38  Stalker  
  26  10:44  Stalker  
  25  10:52  Probe (Chrono Boost)  
  25  10:54  Stalker  
  25  11:04  Probe (Chrono Boost)  
  18  11:19  Stalker  
  18  11:20  Probe (Chrono Boost)  
  18  11:23  Zealot  
Tags
 
Composition
MMM Bio
League
Silver
Matchup
PvT
Spawn Locations
Cross Positions
Add a new tag
Caveats
  • Supply blocks, unpowered buildings, or Contaminate may cause inaccurate times.
  • Supply counts are checked every 10 seconds.